 Dungeon Crawl Stone Soup version 0.30.0-29-ga12c61a403 (webtiles) character file.

Game seed: 17296202209164849861

18 Elmgren the Chopper (level 2, -1/40 HPs)
             Began as a Minotaur Berserker on June 24, 2023.
             Was a Follower of Trog.
             Slain by a gnoll
             ... wielding a +0 spear
              (6 damage)
             ... on level 2 of the Dungeon.
             The game lasted 00:02:09 (1124 turns).

Elmgren the Chopper (Minotaur Berserker)            Turns: 1124, Time: 00:02:10

Health: -1/40      AC:  2    Str: 21    XL:     2   Next: 51%
Magic:  1/1        EV: 12    Int:  4    God:    Trog [*.....]
Gold:   104        SH:  0    Dex:  9    Spells: 1/1 levels left

rFire   . . .        a - +0 hand axe
rCold   . . .        (no shield)
rNeg    . . .        b - +0 animal skin
rPois   .            (helmet restricted)
rElec   .            (no cloak)
rCorr   .            (no gloves)
SInv    .            (no boots)
Will    .....        (no amulet) Stlth
                     (no ring)
HPRegen 0.26/turn    (no ring)
MPRegen 0.07/turn

%: no passive effects
@: berserking, very quick
A: horns 2, retaliatory headbutt
a: Renounce Religion, Berserk


You were on level 2 of the Dungeon.
You worshipped Trog.
Trog was aware of your devotion.
You visited 1 branch of the dungeon, and saw 2 of its levels.

You collected 104 gold pieces.

Inventory:

Hand Weapons
 a - a +0 hand axe (weapon)
Armour
 b - a +0 animal skin (worn)
Potions
 c - a potion of might {unknown}
 f - 3 potions of curing
 g - a potion of cancellation {unknown}
 h - a potion of mutation {unknown}


   Skills:
 + Level 4.2 Fighting
 + Level 4.2 Axes
 - Level 2.4 Armour
 - Level 2.1 Dodging


You had one spell level left.
You didn't know any spells.
Your spell library was empty.

Dungeon Overview and Level Annotations

Branches:
Dungeon (2/15) Zot: 10870

Altars:


Innate Abilities, Weirdness & Mutations

You have a pair of horns on your head.
You reflexively headbutt those who attack you in melee.


Message History

Done exploring.
Search for what [? for help]? @ You aren't carrying any scrolls.
You see here a +0 sling.
There is a stone staircase leading down here.
You climb downwards.
There is a stone staircase leading up here.
No target in view!
You now have 86 gold pieces (gained 11).
You now have 91 gold pieces (gained 5).
Found a stone staircase leading down.
No target in view!
You now have 104 gold pieces (gained 13).
There is a stone staircase leading down here.
A gnoll comes into view. It is wielding a +0 spear.
A gnoll comes into view. It is wielding a +0 halberd.
There are monsters nearby!
Search for what [Enter for "@", or ? for help]? @ Can't find anything matching that.
The gnoll barely misses you.
You hit the gnoll. Your headbutt misses the gnoll.
The gnoll hits you from afar with a +0 halberd!
You take 11 damage, and have 16/27 hp.
MASSIVE DAMAGE!!
The gnoll hits you with a +0 halberd!
* * * LOW HITPOINT WARNING * * *
The gnoll barely misses you.
You take 9 damage, and have 7/27 hp.
MASSIVE DAMAGE!!
You hit the gnoll but do no damage. x2; The gnoll misses you.
You furiously retaliate!
You headbutt the gnoll. The gnoll misses you.
You closely miss the gnoll. You barely miss the gnoll.
The gnoll hits you with a +0 spear.
* * * LOW HITPOINT WARNING * * *
The gnoll closely misses you.
You take 4 damage, and have 3/27 hp.
You aren't carrying any scrolls.
Okay, then.
A red film seems to cover your vision as you go berserk!
You feel yourself moving faster!
You feel mighty! The gnoll hits you with a +0 spear.
You die...

...# #..... ###.#
#.#### #.# #.# #.#
#.# # #.# #.# # #.
#.# #.#
#.#.######.# #.#
#.....g....######.#
#...g@............#
#..################
#


You could see 2 gnolls.

Vanquished Creatures
  A giant cockroach (D:1)
  2 goblins (D:1)
  A hobgoblin (D:1)
  3 kobolds (D:1)
  2 quokkas (D:1)
  A ball python (D:1)
  4 bats (D:1)
  4 rats (D:1)
18 creatures vanquished.

Notes
Turn   | Place    | Note
-------+----------+-------------------------------------------
     0 | D:1      | Elmgren the Minotaur Berserker began the quest for the Orb.
     0 | D:1      | Reached XP level 1. HP: 19/19 MP: 0/0
    40 | D:1      | Found a faded altar of an unknown god.
   153 | D:1      | Reached XP level 2. HP: 27/27 MP: 1/1
  1124 | D:2      | Slain by a gnoll

Illustrated notes

Levels and vault maps discovered:
D:1:      lemuel_arrival_muddy, layout_loops_ring,
          ebering_ecumenical_altar_petrified
D:2:      layout_basic

Skill      XL: |  1 |
---------------+----+-----
Fighting       | 4 |  4.2
Axes           | 4 |  4.2
Armour         | |  2.4
Dodging        | |  2.1

Action                     || total
---------------------------++-------
  Melee: Hand axe          ||    36
         Headbutt          ||     2
 Invoke: Berserk           ||     1
    Use: Scroll            ||     2
   Stab: Sleeping          ||     1
 Armour: Animal skin       ||    10
  Dodge: Dodged            ||    36
